Workbook

Sheet ЛСР
B2: Локальный сметный расчет (ЛСР) №6
B3: Объект: «Комплексная застройка территории, расположенной в границах улиц: Тобольский тракт - Обход города Тюмени (мкр. Губернаторский). Многоэтажный жилой дом с подземным паркингом ГП-72.106» Секция 1, 2, 3, 4
B4: Ведомость объемов работ и расхода материалов по работе: Устройство системы водоснабжения и сопутствующим работам (согласно проекту шифр ВК, стадия Р)
A6: № | B6: Наименование | C6: Артикул, марка, производитель | D6: Характеристика | E6: Ед. изм. | F6: Норма расхода | G6: Секция 1 | H6: Секция 2 | I6: Секция 3 | J6: Секция 4 | K6: Количество | L6: Цена за ед., руб | M6: Сумма, руб | N6: Примечание | O6: Форма закупа материала
A8: 11 | B8: Внутренние инженерные сети
A9: 11.02 | B9: Устройство системы водоснабжения | M9: =SUM($M$163,$M$61,$M$175,$M$10) -> 0
A10: 11.02.02 | B10: Устройство водоснабжения (горизонтальная разводка) | M10: =SUM($M$53,$M$11) -> 0
A11: 11.02.02.00 | B11: Устройство водоснабжения (горизонтальная разводка) | M11: =SUM($M$173,$M$51,$M$49,$M$47,$M$45,$M$42,$M$40,$M$37,$M$35,$M$33,$M$31,$M$27,$M$25,$M$23,$M$21,$M$19,$M$17,$M$14,$M$12) -> 0
B12: Работы: | M12: =SUM($M$13) -> 0
B13: Изоляция трубопровода | E13: м | G13: 2648 | H13: 2948 | I13: 3542 | J13: 4051 | K13: =SUM($G$13:$J$13) -> 13189 | L13: {=INDEX(Р[Цена за ед., руб],MATCH(1,IF(($B13=Р[Наименование])*($N13=Р[Примечание]),{1},($B13=Р[Наименование])*($N13=Р[Примечание])),0))} -> 0 | M13: =ROUND($K$13*$L$13,2) -> 0
B14: Материалы: | M14: =SUM($M$15:$M$16) -> 0
A15: 1 | B15: Теплоизоляция трубная | C15: K-FLEX | D15: 22х13мм вспененный полиэтилен | E15: пог. м | G15: 2640 | H15: 2940 | I15: 3523 | J15: 4035 | K15: =SUM($G$15:$J$15) -> 13138 | L15: {=INDEX(М[Цена за ед., руб],MATCH(1,IF(($B15=М[Наим.])*($C15=М[Артикул, марка, произв.])*($D15=М[Хар-ка])*($N15=М[Прим.]),{1},($B15=М[Наим.])*($C15=М[Артикул, марка, произв.])*($D15=М[Хар-ка])*($N15=М[Прим.])),0))} -> 0 | M15: =ROUND($K$15*$L$15,2) -> 0 | O15: {=INDEX(М[Форма закупа],MATCH(1,IF(($B15=М[Наим.])*($C15=М[Артикул, марка, произв.])*($D15=М[Хар-ка])*($N15=М[Прим.]),{1},($B15=М[Наим.])*($C15=М[Артикул, марка, произв.])*($D15=М[Хар-ка])*($N15=М[Прим.])),0))} -> 0
A16: 2 | B16: Теплоизоляция трубная | C16: K-FLEX | D16: 28х13мм вспененный полиэтилен | E16: пог. м | G16: 8 | H16: 8 | I16: 19 | J16: 16 | K16: =SUM($G$16:$J$16) -> 51 | L16: {=INDEX(М[Цена за ед., руб],MATCH(1,IF(($B16=М[Наим.])*($C16=М[Артикул, марка, произв.])*($D16=М[Хар-ка])*($N16=М[Прим.]),{1},($B16=М[Наим.])*($C16=М[Артикул, марка, произв.])*($D16=М[Хар-ка])*($N16=М[Прим.])),0))} -> 0 | M16: =ROUND($K$16*$L$16,2) -> 0 | O16: {=INDEX(М[Форма закупа],MATCH(1,IF(($B16=М[Наим.])*($C16=М[Артикул, марка, произв.])*($D16=М[Хар-ка])*($N16=М[Прим.]),{1},($B16=М[Наим.])*($C16=М[Артикул, марка, произв.])*($D16=М[Хар-ка])*($N16=М[Прим.])),0))} -> 0
B17: Работы: | M17: =SUM($M$18) -> 0
B18: Монтаж автоматического воздухоотводчика | E18: шт | G18: 4 | H18: 4 | I18: 8 | J18: 8 | K18: =SUM($G$18:$J$18) -> 24 | L18: {=INDEX(Р[Цена за ед., руб],MATCH(1,IF(($B18=Р[Наименование])*($N18=Р[Примечание]),{1},($B18=Р[Наименование])*($N18=Р[Примечание])),0))} -> 0 | M18: =ROUND($K$18*$L$18,2) -> 0
B19: Материалы: | M19: =SUM($M$20) -> 0
A20: 1 | B20: Воздухоотводчик | C20: Valtec | D20: автоматический Ду-15 10bar | E20: шт | G20: 4 | H20: 4 | I20: 8 | J20: 8 | K20: =SUM($G$20:$J$20) -> 24 | L20: {=INDEX(М[Цена за ед., руб],MATCH(1,IF(($B20=М[Наим.])*($C20=М[Артикул, марка, произв.])*($D20=М[Хар-ка])*($N20=М[Прим.]),{1},($B20=М[Наим.])*($C20=М[Артикул, марка, произв.])*($D20=М[Хар-ка])*($N20=М[Прим.])),0))} -> 0 | M20: =ROUND($K$20*$L$20,2) -> 0 | O20: {=INDEX(М[Форма закупа],MATCH(1,IF(($B20=М[Наим.])*($C20=М[Артикул, марка, произв.])*($D20=М[Хар-ка])*($N20=М[Прим.]),{1},($B20=М[Наим.])*($C20=М[Артикул, марка, произв.])*($D20=М[Хар-ка])*($N20=М[Прим.])),0))} -> 0
B21: Работы: | M21: =SUM($M$22) -> 0
B22: Монтаж клапана (фланцевые, резьбовые) до 32 мм | E22: шт | G22: 4 | H22: 4 | I22: 8 | J22: 8 | K22: =SUM($G$22:$J$22) -> 24 | L22: {=INDEX(Р[Цена за ед., руб],MATCH(1,IF(($B22=Р[Наименование])*($N22=Р[Примечание]),{1},($B22=Р[Наименование])*($N22=Р[Примечание])),0))} -> 0 | M22: =ROUND($K$22*$L$22,2) -> 0
B23: Материалы: | M23: =SUM($M$24) -> 0
A24: 1 | B24: Клапан регулирующий | C24: Valtec | D24: понижения давления резьбовой Ду-15Ру-10 бар | E24: шт | G24: 4 | H24: 4 | I24: 8 | J24: 8 | K24: =SUM($G$24:$J$24) -> 24 | L24: {=INDEX(М[Цена за ед., руб],MATCH(1,IF(($B24=М[Наим.])*($C24=М[Артикул, марка, произв.])*($D24=М[Хар-ка])*($N24=М[Прим.]),{1},($B24=М[Наим.])*($C24=М[Артикул, марка, произв.])*($D24=М[Хар-ка])*($N24=М[Прим.])),0))} -> 0 | M24: =ROUND($K$24*$L$24,2) -> 0 | O24: {=INDEX(М[Форма закупа],MATCH(1,IF(($B24=М[Наим.])*($C24=М[Артикул, марка, произв.])*($D24=М[Хар-ка])*($N24=М[Прим.]),{1},($B24=М[Наим.])*($C24=М[Артикул, марка, произв.])*($D24=М[Хар-ка])*($N24=М[Прим.])),0))} -> 0
B25: Работы: | M25: =SUM($M$26) -> 0
B26: Монтаж коллектора | E26: шт | G26: 26 | H26: 32 | I26: 26 | J26: 30 | K26: =SUM($G$26:$J$26) -> 114 | L26: {=INDEX(Р[Цена за ед., руб],MATCH(1,IF(($B26=Р[Наименование])*($N26=Р[Примечание]),{1},($B26=Р[Наименование])*($N26=Р[Примечание])),0))} -> 0 | M26: =ROUND($K$26*$L$26,2) -> 0
B27: Материалы: | M27: =SUM($M$28:$M$30) -> 0
A28: 1 | B28: Коллектор (в сборе) распределительный | D28: Д-50 с 5-ю выходами (диаметр подключения Ду32) | E28: шт | G28: 24 | H28: 30 | K28: =SUM($G$28:$J$28) -> 54 | L28: {=INDEX(М[Цена за ед., руб],MATCH(1,IF(($B28=М[Наим.])*($C28=М[Артикул, марка, произв.])*($D28=М[Хар-ка])*($N28=М[Прим.]),{1},($B28=М[Наим.])*($C28=М[Артикул, марка, произв.])*($D28=М[Хар-ка])*($N28=М[Прим.])),0))} -> 0 | M28: =ROUND($K$28*$L$28,2) -> 0 | N28: В комплекте с кранами, фильтрами, редукторами давления, вставками под счетчик. | O28: {=INDEX(М[Форма закупа],MATCH(1,IF(($B28=М[Наим.])*($C28=М[Артикул, марка, произв.])*($D28=М[Хар-ка])*($N28=М[Прим.]),{1},($B28=М[Наим.])*($C28=М[Артикул, марка, произв.])*($D28=М[Хар-ка])*($N28=М[Прим.])),0))} -> 0
A29: 2 | B29: Коллектор (в сборе) распределительный | D29: Д-50 с 6-ю выходами (диаметр подключения Ду32) | E29: шт | I29: 26 | J29: 30 | K29: =SUM($G$29:$J$29) -> 56 | L29: {=INDEX(М[Цена за ед., руб],MATCH(1,IF(($B29=М[Наим.])*($C29=М[Артикул, марка, произв.])*($D29=М[Хар-ка])*($N29=М[Прим.]),{1},($B29=М[Наим.])*($C29=М[Артикул, марка, произв.])*($D29=М[Хар-ка])*($N29=М[Прим.])),0))} -> 0 | M29: =ROUND($K$29*$L$29,2) -> 0 | N29: В комплекте с кранами, фильтрами, редукторами давления, вставками под счетчик. | O29: {=INDEX(М[Форма закупа],MATCH(1,IF(($B29=М[Наим.])*($C29=М[Артикул, марка, произв.])*($D29=М[Хар-ка])*($N29=М[Прим.]),{1},($B29=М[Наим.])*($C29=М[Артикул, марка, произв.])*($D29=М[Хар-ка])*($N29=М[Прим.])),0))} -> 0
A30: 3 | B30: Коллектор (в сборе) распределительный | D30: Д-50 с 2-мя выходами (диаметр подключения Ду32) | E30: шт | G30: 2 | H30: 2 | K30: =SUM($G$30:$J$30) -> 4 | L30: {=INDEX(М[Цена за ед., руб],MATCH(1,IF(($B30=М[Наим.])*($C30=М[Артикул, марка, произв.])*($D30=М[Хар-ка])*($N30=М[Прим.]),{1},($B30=М[Наим.])*($C30=М[Артикул, марка, произв.])*($D30=М[Хар-ка])*($N30=М[Прим.])),0))} -> 0 | M30: =ROUND($K$30*$L$30,2) -> 0 | N30: В комплекте с кранами, фильтрами, редукторами давления, вставками под счетчик. | O30: {=INDEX(М[Форма закупа],MATCH(1,IF(($B30=М[Наим.])*($C30=М[Артикул, марка, произв.])*($D30=М[Хар-ка])*($N30=М[Прим.]),{1},($B30=М[Наим.])*($C30=М[Артикул, марка, произв.])*($D30=М[Хар-ка])*($N30=М[Прим.])),0))} -> 0
B31: Работы: | M31: =SUM($M$32) -> 0
B32: Монтаж крана с электроприводом | E32: шт | G32: 124 | H32: 154 | I32: 156 | J32: 180 | K32: =SUM($G$32:$J$32) -> 614 | L32: {=INDEX(Р[Цена за ед., руб],MATCH(1,IF(($B32=Р[Наименование])*($N32=Р[Примечание]),{1},($B32=Р[Наименование])*($N32=Р[Примечание])),0))} -> 0 | M32: =ROUND($K$32*$L$32,2) -> 0
B33: Материалы: | M33: =SUM($M$34) -> 0
A34: 1 | B34: Кран шаровой | C34: Gidrolock | D34: муфтовый с электроприводом В/В Ду-15 полнопроходной | E34: шт | G34: 124 | H34: 154 | I34: 156 | J34: 180 | K34: =SUM($G$34:$J$34) -> 614 | L34: {=INDEX(М[Цена за ед., руб],MATCH(1,IF(($B34=М[Наим.])*($C34=М[Артикул, марка, произв.])*($D34=М[Хар-ка])*($N34=М[Прим.]),{1},($B34=М[Наим.])*($C34=М[Артикул, марка, произв.])*($D34=М[Хар-ка])*($N34=М[Прим.])),0))} -> 0 | M34: =ROUND($K$34*$L$34,2) -> 0 | O34: {=INDEX(М[Форма закупа],MATCH(1,IF(($B34=М[Наим.])*($C34=М[Артикул, марка, произв.])*($D34=М[Хар-ка])*($N34=М[Прим.]),{1},($B34=М[Наим.])*($C34=М[Артикул, марка, произв.])*($D34=М[Хар-ка])*($N34=М[Прим.])),0))} -> 0
B35: Работы: | M35: =SUM($M$36) -> 0
B36: Монтаж кранов (фланцевые, резьбовые) до 32 мм | E36: шт | G36: 68 | H36: 83 | I36: 94 | J36: 106 | K36: =SUM($G$36:$J$36) -> 351 | L36: {=INDEX(Р[Цена за ед., руб],MATCH(1,IF(($B36=Р[Наименование])*($N36=Р[Примечание]),{1},($B36=Р[Наименование])*($N36=Р[Примечание])),0))} -> 0 | M36: =ROUND($K$36*$L$36,2) -> 0
B37: Материалы: | M37: =SUM($M$38:$M$39) -> 0
A38: 1 | B38: Кран шаровой | C38: Valtec | D38: ВР-ВР Ду-15 полнопроходной | E38: шт | G38: 4 | H38: 4 | I38: 8 | J38: 8 | K38: =SUM($G$38:$J$38) -> 24 | L38: {=INDEX(М[Цена за ед., руб],MATCH(1,IF(($B38=М[Наим.])*($C38=М[Артикул, марка, произв.])*($D38=М[Хар-ка])*($N38=М[Прим.]),{1},($B38=М[Наим.])*($C38=М[Артикул, марка, произв.])*($D38=М[Хар-ка])*($N38=М[Прим.])),0))} -> 0 | M38: =ROUND($K$38*$L$38,2) -> 0 | O38: {=INDEX(М[Форма закупа],MATCH(1,IF(($B38=М[Наим.])*($C38=М[Артикул, марка, произв.])*($D38=М[Хар-ка])*($N38=М[Прим.]),{1},($B38=М[Наим.])*($C38=М[Артикул, марка, произв.])*($D38=М[Хар-ка])*($N38=М[Прим.])),0))} -> 0
A39: 2 | B39: Кран шаровой | C39: Valtec | D39: ВР-НР Ду-15 полнопроходной | E39: шт | G39: 64 | H39: 79 | I39: 86 | J39: 98 | K39: =SUM($G$39:$J$39) -> 327 | L39: {=INDEX(М[Цена за ед., руб],MATCH(1,IF(($B39=М[Наим.])*($C39=М[Артикул, марка, произв.])*($D39=М[Хар-ка])*($N39=М[Прим.]),{1},($B39=М[Наим.])*($C39=М[Артикул, марка, произв.])*($D39=М[Хар-ка])*($N39=М[Прим.])),0))} -> 0 | M39: =ROUND($K$39*$L$39,2) -> 0 | O39: {=INDEX(М[Форма закупа],MATCH(1,IF(($B39=М[Наим.])*($C39=М[Артикул, марка, произв.])*($D39=М[Хар-ка])*($N39=М[Прим.]),{1},($B39=М[Наим.])*($C39=М[Артикул, марка, произв.])*($D39=М[Хар-ка])*($N39=М[Прим.])),0))} -> 0
B40: Работы: | M40: =SUM($M$41) -> 0
B41: Монтаж трубы из сшитого полиэтилена | E41: м | G41: 2700 | H41: 3000 | I41: 3523 | J41: 4035 | K41: =SUM($G$41:$J$41) -> 13258 | L41: {=INDEX(Р[Цена за ед., руб],MATCH(1,IF(($B41=Р[Наименование])*($N41=Р[Примечание]),{1},($B41=Р[Наименование])*($N41=Р[Примечание])),0))} -> 0 | M41: =ROUND($K$41*$L$41,2) -> 0
B42: Материалы: | M42: =SUM($M$43:$M$44) -> 0
A43: 1 | B43: Труба сшитый полиэтилен | D43: DN-20х2,8 PN-10bar PEXа | E43: пог. м | G43: 2700 | K43: =SUM($G$43:$J$43) -> 2700 | L43: {=INDEX(М[Цена за ед., руб],MATCH(1,IF(($B43=М[Наим.])*($C43=М[Артикул, марка, произв.])*($D43=М[Хар-ка])*($N43=М[Прим.]),{1},($B43=М[Наим.])*($C43=М[Артикул, марка, произв.])*($D43=М[Хар-ка])*($N43=М[Прим.])),0))} -> 0 | M43: =ROUND($K$43*$L$43,2) -> 0 | O43: {=INDEX(М[Форма закупа],MATCH(1,IF(($B43=М[Наим.])*($C43=М[Артикул, марка, произв.])*($D43=М[Хар-ка])*($N43=М[Прим.]),{1},($B43=М[Наим.])*($C43=М[Артикул, марка, произв.])*($D43=М[Хар-ка])*($N43=М[Прим.])),0))} -> 0
A44: 2 | B44: Труба сшитый полиэтилен | C44: ONE PLUS | D44: DN-20х2,8 PN-10bar PEXа | E44: пог. м | H44: 3000 | I44: 3523 | J44: 4035 | K44: =SUM($G$44:$J$44) -> 10558 | L44: {=INDEX(М[Цена за ед., руб],MATCH(1,IF(($B44=М[Наим.])*($C44=М[Артикул, марка, произв.])*($D44=М[Хар-ка])*($N44=М[Прим.]),{1},($B44=М[Наим.])*($C44=М[Артикул, марка, произв.])*($D44=М[Хар-ка])*($N44=М[Прим.])),0))} -> 0 | M44: =ROUND($K$44*$L$44,2) -> 0 | O44: {=INDEX(М[Форма закупа],MATCH(1,IF(($B44=М[Наим.])*($C44=М[Артикул, марка, произв.])*($D44=М[Хар-ка])*($N44=М[Прим.]),{1},($B44=М[Наим.])*($C44=М[Артикул, марка, произв.])*($D44=М[Хар-ка])*($N44=М[Прим.])),0))} -> 0
B45: Работы: | M45: =SUM($M$46) -> 0
B46: Монтаж фильтра | E46: шт | G46: 4 | H46: 4 | I46: 8 | J46: 8 | K46: =SUM($G$46:$J$46) -> 24 | L46: {=INDEX(Р[Цена за ед., руб],MATCH(1,IF(($B46=Р[Наименование])*($N46=Р[Примечание]),{1},($B46=Р[Наименование])*($N46=Р[Примечание])),0))} -> 0 | M46: =ROUND($K$46*$L$46,2) -> 0
B47: Материалы: | M47: =SUM($M$48) -> 0
A48: 1 | B48: Фильтр сетчатый | C48: Valtec | D48: муфтовый ВР-ВР Ду-15 латунь | E48: шт | G48: 4 | H48: 4 | I48: 8 | J48: 8 | K48: =SUM($G$48:$J$48) -> 24 | L48: {=INDEX(М[Цена за ед., руб],MATCH(1,IF(($B48=М[Наим.])*($C48=М[Артикул, марка, произв.])*($D48=М[Хар-ка])*($N48=М[Прим.]),{1},($B48=М[Наим.])*($C48=М[Артикул, марка, произв.])*($D48=М[Хар-ка])*($N48=М[Прим.])),0))} -> 0 | M48: =ROUND($K$48*$L$48,2) -> 0 | O48: {=INDEX(М[Форма закупа],MATCH(1,IF(($B48=М[Наим.])*($C48=М[Артикул, марка, произв.])*($D48=М[Хар-ка])*($N48=М[Прим.]),{1},($B48=М[Наим.])*($C48=М[Артикул, марка, произв.])*($D48=М[Хар-ка])*($N48=М[Прим.])),0))} -> 0
B49: Работы: | M49: =SUM($M$50) -> 0
B50: Прокладка трубы ППН | E50: пог. м | G50: 10 | H50: 10 | I50: 19 | J50: 19 | K50: =SUM($G$50:$J$50) -> 58 | L50: {=INDEX(Р[Цена за ед., руб],MATCH(1,IF(($B50=Р[Наименование])*($N50=Р[Примечание]),{1},($B50=Р[Наименование])*($N50=Р[Примечание])),0))} -> 0 | M50: =ROUND($K$50*$L$50,2) -> 0
B51: Материалы: | M51: =SUM($M$52) -> 0
A52: 1 | B52: Труба полипропиленовая | D52: PPH PN20 DN25х5,4 арм.стекловолокно | E52: пог. м | G52: 10 | H52: 10 | I52: 19 | J52: 19 | K52: =SUM($G$52:$J$52) -> 58 | L52: {=INDEX(М[Цена за ед., руб],MATCH(1,IF(($B52=М[Наим.])*($C52=М[Артикул, марка, произв.])*($D52=М[Хар-ка])*($N52=М[Прим.]),{1},($B52=М[Наим.])*($C52=М[Артикул, марка, произв.])*($D52=М[Хар-ка])*($N52=М[Прим.])),0))} -> 0 | M52: =ROUND($K$52*$L$52,2) -> 0 | O52: {=INDEX(М[Форма закупа],MATCH(1,IF(($B52=М[Наим.])*($C52=М[Артикул, марка, произв.])*($D52=М[Хар-ка])*($N52=М[Прим.]),{1},($B52=М[Наим.])*($C52=М[Артикул, марка, произв.])*($D52=М[Хар-ка])*($N52=М[Прим.])),0))} -> 0
A53: 11.02.02.27 | B53: Устройство водоснабжения в КУИ | M53: =SUM($M$56,$M$54) -> 0
B54: Работы: | M54: =SUM($M$55) -> 0
B55: Монтажные работы | E55: компл. | G55: 1 | H55: 1 | I55: 1 | J55: 1 | K55: =SUM($G$55:$J$55) -> 4 | L55: {=INDEX(Р[Цена за ед., руб],MATCH(1,IF(($B55=Р[Наименование])*($N55=Р[Примечание]),{1},($B55=Р[Наименование])*($N55=Р[Примечание])),0))} -> 0 | M55: =ROUND($K$55*$L$55,2) -> 0
B56: Материалы: | M56: =SUM($M$57:$M$60) -> 0
A57: 1 | B57: Труба полипропиленовая | D57: PPH PN20 DN25х5,4 арм.стекловолокно | E57: пог. м | G57: 12 | H57: 12 | I57: 12 | J57: 12 | K57: =SUM($G$57:$J$57) -> 48 | L57: {=INDEX(М[Цена за ед., руб],MATCH(1,IF(($B57=М[Наим.])*($C57=М[Артикул, марка, произв.])*($D57=М[Хар-ка])*($N57=М[Прим.]),{1},($B57=М[Наим.])*($C57=М[Артикул, марка, произв.])*($D57=М[Хар-ка])*($N57=М[Прим.])),0))} -> 0 | M57: =ROUND($K$57*$L$57,2) -> 0 | O57: {=INDEX(М[Форма закупа],MATCH(1,IF(($B57=М[Наим.])*($C57=М[Артикул, марка, произв.])*($D57=М[Хар-ка])*($N57=М[Прим.]),{1},($B57=М[Наим.])*($C57=М[Артикул, марка, произв.])*($D57=М[Хар-ка])*($N57=М[Прим.])),0))} -> 0
A58: 2 | B58: Кран шаровой | D58: ВР-НР Ду-15 полнопроходной | E58: шт | G58: 5 | H58: 5 | I58: 5 | J58: 5 | K58: =SUM($G$58:$J$58) -> 20 | L58: {=INDEX(М[Цена за ед., руб],MATCH(1,IF(($B58=М[Наим.])*($C58=М[Артикул, марка, произв.])*($D58=М[Хар-ка])*($N58=М[Прим.]),{1},($B58=М[Наим.])*($C58=М[Артикул, марка, произв.])*($D58=М[Хар-ка])*($N58=М[Прим.])),0))} -> 0 | M58: =ROUND($K$58*$L$58,2) -> 0 | O58: {=INDEX(М[Форма закупа],MATCH(1,IF(($B58=М[Наим.])*($C58=М[Артикул, марка, произв.])*($D58=М[Хар-ка])*($N58=М[Прим.]),{1},($B58=М[Наим.])*($C58=М[Артикул, марка, произв.])*($D58=М[Хар-ка])*($N58=М[Прим.])),0))} -> 0
A59: 3 | B59: Фильтр сетчатый | D59: муфтовый ВР-ВР Ду-15 латунь | E59: шт | G59: 2 | H59: 2 | I59: 2 | J59: 2 | K59: =SUM($G$59:$J$59) -> 8 | L59: {=INDEX(М[Цена за ед., руб],MATCH(1,IF(($B59=М[Наим.])*($C59=М[Артикул, марка, произв.])*($D59=М[Хар-ка])*($N59=М[Прим.]),{1},($B59=М[Наим.])*($C59=М[Артикул, марка, произв.])*($D59=М[Хар-ка])*($N59=М[Прим.])),0))} -> 0 | M59: =ROUND($K$59*$L$59,2) -> 0 | O59: {=INDEX(М[Форма закупа],MATCH(1,IF(($B59=М[Наим.])*($C59=М[Артикул, марка, произв.])*($D59=М[Хар-ка])*($N59=М[Прим.]),{1},($B59=М[Наим.])*($C59=М[Артикул, марка, произв.])*($D59=М[Хар-ка])*($N59=М[Прим.])),0))} -> 0
A60: 4 | B60: Клапан регулирующий | D60: понижения давления резьбовой Ду-15Ру-10 бар | E60: шт | G60: 2 | H60: 2 | I60: 2 | J60: 2 | K60: =SUM($G$60:$J$60) -> 8 | L60: {=INDEX(М[Цена за ед., руб],MATCH(1,IF(($B60=М[Наим.])*($C60=М[Артикул, марка, произв.])*($D60=М[Хар-ка])*($N60=М[Прим.]),{1},($B60=М[Наим.])*($C60=М[Артикул, марка, произв.])*($D60=М[Хар-ка])*($N60=М[Прим.])),0))} -> 0 | M60: =ROUND($K$60*$L$60,2) -> 0 | O60: {=INDEX(М[Форма закупа],MATCH(1,IF(($B60=М[Наим.])*($C60=М[Артикул, марка, произв.])*($D60=М[Хар-ка])*($N60=М[Прим.]),{1},($B60=М[Наим.])*($C60=М[Артикул, марка, произв.])*($D60=М[Хар-ка])*($N60=М[Прим.])),0))} -> 0
A61: 11.02.04 | B61: Устройство стояков для горизонтальной системы водоснабжения | M61: =SUM($M$132,$M$92,$M$62) -> 0
A62: 11.02.04.01 | B62: Устройство водоснабжения В-1 | M62: =SUM($M$88,$M$86,$M$84,$M$81,$M$79,$M$75,$M$73,$M$71,$M$69,$M$67,$M$65,$M$63) -> 0
B63: Работы: | M63: =SUM($M$64) -> 0
B64: Бурение отверстий до 80мм | E64: шт | G64: 20 | H64: 20 | I64: 20 | J64: 22 | K64: =SUM($G$64:$J$64) -> 82 | L64: {=INDEX(Р[Цена за ед., руб],MATCH(1,IF(($B64=Р[Наименование])*($N64=Р[Примечание]),{1},($B64=Р[Наименование])*($N64=Р[Примечание])),0))} -> 0 | M64: =ROUND($K$64*$L$64,2) -> 0
B65: Работы: | M65: =SUM($M$66) -> 0
B66: Монтаж защитного кожуха | E66: м2 | G66: 2 | H66: 2 | I66: 2 | J66: 2 | K66: =SUM($G$66:$J$66) -> 8 | L66: {=INDEX(Р[Цена за ед., руб],MATCH(1,IF(($B66=Р[Наименование])*($N66=Р[Примечание]),{1},($B66=Р[Наименование])*($N66=Р[Примечание])),0))} -> 0 | M66: =ROUND($K$66*$L$66,2) -> 0
B67: Материалы: | M67: =SUM($M$68) -> 0
A68: 1 | B68: Окожушка | D68: оцинк. сталь 0,5мм | E68: м2 | G68: 2 | H68: 2 | I68: 2 | J68: 2 | K68: =SUM($G$68:$J$68) -> 8 | L68: {=INDEX(М[Цена за ед., руб],MATCH(1,IF(($B68=М[Наим.])*($C68=М[Артикул, марка, произв.])*($D68=М[Хар-ка])*($N68=М[Прим.]),{1},($B68=М[Наим.])*($C68=М[Артикул, марка, произв.])*($D68=М[Хар-ка])*($N68=М[Прим.])),0))} -> 0 | M68: =ROUND($K$68*$L$68,2) -> 0 | N68: гильзы | O68: {=INDEX(М[Форма закупа],MATCH(1,IF(($B68=М[Наим.])*($C68=М[Артикул, марка, произв.])*($D68=М[Хар-ка])*($N68=М[Прим.]),{1},($B68=М[Наим.])*($C68=М[Артикул, марка, произв.])*($D68=М[Хар-ка])*($N68=М[Прим.])),0))} -> 0
B69: Работы: | M69: =SUM($M$70) -> 0
B70: Монтаж муфты противопожарной | E70: шт | G70: 14 | H70: 17 | I70: 12 | J70: 12 | K70: =SUM($G$70:$J$70) -> 55 | L70: {=INDEX(Р[Цена за ед., руб],MATCH(1,IF(($B70=Р[Наименование])*($N70=Р[Примечание]),{1},($B70=Р[Наименование])*($N70=Р[Примечание])),0))} -> 0 | M70: =ROUND($K$70*$L$70,2) -> 0
B71: Материалы: | M71: =SUM($M$72) -> 0
A72: 1 | B72: Муфта противопожарная | D72: ПМ-63 | E72: шт | G72: 14 | H72: 17 | I72: 12 | J72: 12 | K72: =SUM($G$72:$J$72) -> 55 | L72: {=INDEX(М[Цена за ед., руб],MATCH(1,IF(($B72=М[Наим.])*($C72=М[Артикул, марка, произв.])*($D72=М[Хар-ка])*($N72=М[Прим.]),{1},($B72=М[Наим.])*($C72=М[Артикул, марка, произв.])*($D72=М[Хар-ка])*($N72=М[Прим.])),0))} -> 0 | M72: =ROUND($K$72*$L$72,2) -> 0 | O72: {=INDEX(М[Форма закупа],MATCH(1,IF(($B72=М[Наим.])*($C72=М[Артикул, марка, произв.])*($D72=М[Хар-ка])*($N72=М[Прим.]),{1},($B72=М[Наим.])*($C72=М[Артикул, марка, произв.])*($D72=М[Хар-ка])*($N72=М[Прим.])),0))} -> 0
B73: Работы: | M73: =SUM($M$74) -> 0
B74: Монтаж счетчика | E74: шт | G74: 65 | H74: 80 | I74: 83 | J74: 95 | K74: =SUM($G$74:$J$74) -> 323 | L74: {=INDEX(Р[Цена за ед., руб],MATCH(1,IF(($B74=Р[Наименование])*($N74=Р[Примечание]),{1},($B74=Р[Наименование])*($N74=Р[Примечание])),0))} -> 0 | M74: =ROUND($K$74*$L$74,2) -> 0
B75: Материалы: | M75: =SUM($M$76:$M$78) -> 0
A76: 1 | B76: Присоединители для счетчика | E76: компл. | G76: 65 | H76: 80 | I76: 83 | J76: 95 | K76: =SUM($G$76:$J$76) -> 323 | L76: {=INDEX(М[Цена за ед., руб],MATCH(1,IF(($B76=М[Наим.])*($C76=М[Артикул, марка, произв.])*($D76=М[Хар-ка])*($N76=М[Прим.]),{1},($B76=М[Наим.])*($C76=М[Артикул, марка, произв.])*($D76=М[Хар-ка])*($N76=М[Прим.])),0))} -> 0 | M76: =ROUND($K$76*$L$76,2) -> 0 | O76: {=INDEX(М[Форма закупа],MATCH(1,IF(($B76=М[Наим.])*($C76=М[Артикул, марка, произв.])*($D76=М[Хар-ка])*($N76=М[Прим.]),{1},($B76=М[Наим.])*($C76=М[Артикул, марка, произв.])*($D76=М[Хар-ка])*($N76=М[Прим.])),0))} -> 0
A77: 2 | B77: Вставка ремонтная | D77: для счетчика Ду15 мм | E77: шт | G77: 65 | H77: 80 | I77: 83 | J77: 95 | K77: =SUM($G$77:$J$77) -> 323 | L77: {=INDEX(М[Цена за ед., руб],MATCH(1,IF(($B77=М[Наим.])*($C77=М[Артикул, марка, произв.])*($D77=М[Хар-ка])*($N77=М[Прим.]),{1},($B77=М[Наим.])*($C77=М[Артикул, марка, произв.])*($D77=М[Хар-ка])*($N77=М[Прим.])),0))} -> 0 | M77: =ROUND($K$77*$L$77,2) -> 0 | O77: {=INDEX(М[Форма закупа],MATCH(1,IF(($B77=М[Наим.])*($C77=М[Артикул, марка, произв.])*($D77=М[Хар-ка])*($N77=М[Прим.]),{1},($B77=М[Наим.])*($C77=М[Артикул, марка, произв.])*($D77=М[Хар-ка])*($N77=М[Прим.])),0))} -> 0
A78: 3 | B78: Счетчик воды | C78: Пульсар | D78: с импульсным выходом Ду-15 Qn-1,5м3/час L-110мм | E78: шт | G78: 65 | H78: 80 | I78: 83 | J78: 95 | K78: =SUM($G$78:$J$78) -> 323 | L78: {=INDEX(М[Цена за ед., руб],MATCH(1,IF(($B78=М[Наим.])*($C78=М[Артикул, марка, произв.])*($D78=М[Хар-ка])*($N78=М[Прим.]),{1},($B78=М[Наим.])*($C78=М[Артикул, марка, произв.])*($D78=М[Хар-ка])*($N78=М[Прим.])),0))} -> 0 | M78: =ROUND($K$78*$L$78,2) -> 0 | N78: с обратным клапаном | O78: {=INDEX(М[Форма закупа],MATCH(1,IF(($B78=М[Наим.])*($C78=М[Артикул, марка, произв.])*($D78=М[Хар-ка])*($N78=М[Прим.]),{1},($B78=М[Наим.])*($C78=М[Артикул, марка, произв.])*($D78=М[Хар-ка])*($N78=М[Прим.])),0))} -> 0
B79: Работы: | M79: =SUM($M$80) -> 0
B80: Монтаж трубной изоляции | E80: м | G80: 58 | H80: 68 | I80: 59 | J80: 68 | K80: =SUM($G$80:$J$80) -> 253 | L80: {=INDEX(Р[Цена за ед., руб],MATCH(1,IF(($B80=Р[Наименование])*($N80=Р[Примечание]),{1},($B80=Р[Наименование])*($N80=Р[Примечание])),0))} -> 0 | M80: =ROUND($K$80*$L$80,2) -> 0
B81: Материалы: | M81: =SUM($M$82:$M$83) -> 0
A82: 1 | B82: Теплоизоляция трубная | C82: K-FLEX | D82: 63х13мм вспененный полиэтилен | E82: пог. м | G82: 45 | H82: 52 | I82: 45 | J82: 52 | K82: =SUM($G$82:$J$82) -> 194 | L82: {=INDEX(М[Цена за ед., руб],MATCH(1,IF(($B82=М[Наим.])*($C82=М[Артикул, марка, произв.])*($D82=М[Хар-ка])*($N82=М[Прим.]),{1},($B82=М[Наим.])*($C82=М[Артикул, марка, произв.])*($D82=М[Хар-ка])*($N82=М[Прим.])),0))} -> 0 | M82: =ROUND($K$82*$L$82,2) -> 0 | O82: {=INDEX(М[Форма закупа],MATCH(1,IF(($B82=М[Наим.])*($C82=М[Артикул, марка, произв.])*($D82=М[Хар-ка])*($N82=М[Прим.]),{1},($B82=М[Наим.])*($C82=М[Артикул, марка, произв.])*($D82=М[Хар-ка])*($N82=М[Прим.])),0))} -> 0
A83: 2 | B83: Теплоизоляция трубная | C83: K-FLEX | D83: 42х13мм вспененный полиэтилен | E83: пог. м | G83: 13 | H83: 16 | I83: 14 | J83: 16 | K83: =SUM($G$83:$J$83) -> 59 | L83: {=INDEX(М[Цена за ед., руб],MATCH(1,IF(($B83=М[Наим.])*($C83=М[Артикул, марка, произв.])*($D83=М[Хар-ка])*($N83=М[Прим.]),{1},($B83=М[Наим.])*($C83=М[Артикул, марка, произв.])*($D83=М[Хар-ка])*($N83=М[Прим.])),0))} -> 0 | M83: =ROUND($K$83*$L$83,2) -> 0 | O83: {=INDEX(М[Форма закупа],MATCH(1,IF(($B83=М[Наим.])*($C83=М[Артикул, марка, произв.])*($D83=М[Хар-ка])*($N83=М[Прим.]),{1},($B83=М[Наим.])*($C83=М[Артикул, марка, произв.])*($D83=М[Хар-ка])*($N83=М[Прим.])),0))} -> 0
B84: Работы: | M84: =SUM($M$85) -> 0
B85: Пробивка отверстий | E85: шт | G85: 94 | H85: 61 | I85: 53 | J85: 75 | K85: =SUM($G$85:$J$85) -> 283 | L85: {=INDEX(Р[Цена за ед., руб],MATCH(1,IF(($B85=Р[Наименование])*($N85=Р[Примечание]),{1},($B85=Р[Наименование])*($N85=Р[Примечание])),0))} -> 0 | M85: =ROUND($K$85*$L$85,2) -> 0
B86: Работы: | M86: =SUM($M$87) -> 0
B87: Прокладка трубы ППН | E87: пог. м | G87: 78 | H87: 91 | I87: 82 | J87: 91 | K87: =SUM($G$87:$J$87) -> 342 | L87: {=INDEX(Р[Цена за ед., руб],MATCH(1,IF(($B87=Р[Наименование])*($N87=Р[Примечание]),{1},($B87=Р[Наименование])*($N87=Р[Примечание])),0))} -> 0 | M87: =ROUND($K$87*$L$87,2) -> 0
B88: Материалы: | M88: =SUM($M$89:$M$91) -> 0
A89: 1 | B89: Труба полипропиленовая | D89: PPH PN20 DN25х5,4 арм.стекловолокно | E89: пог. м | G89: 20 | H89: 23 | I89: 23 | J89: 23 | K89: =SUM($G$89:$J$89) -> 89 | L89: {=INDEX(М[Цена за ед., руб],MATCH(1,IF(($B89=М[Наим.])*($C89=М[Артикул, марка, произв.])*($D89=М[Хар-ка])*($N89=М[Прим.]),{1},($B89=М[Наим.])*($C89=М[Артикул, марка, произв.])*($D89=М[Хар-ка])*($N89=М[Прим.])),0))} -> 0 | M89: =ROUND($K$89*$L$89,2) -> 0 | O89: {=INDEX(М[Форма закупа],MATCH(1,IF(($B89=М[Наим.])*($C89=М[Артикул, марка, произв.])*($D89=М[Хар-ка])*($N89=М[Прим.]),{1},($B89=М[Наим.])*($C89=М[Артикул, марка, произв.])*($D89=М[Хар-ка])*($N89=М[Прим.])),0))} -> 0
A90: 2 | B90: Труба полипропиленовая | D90: PPH PN20 DN40х6,7 арм.стекловолокно | E90: пог. м | G90: 13 | H90: 16 | I90: 14 | J90: 16 | K90: =SUM($G$90:$J$90) -> 59 | L90: {=INDEX(М[Цена за ед., руб],MATCH(1,IF(($B90=М[Наим.])*($C90=М[Артикул, марка, произв.])*($D90=М[Хар-ка])*($N90=М[Прим.]),{1},($B90=М[Наим.])*($C90=М[Артикул, марка, произв.])*($D90=М[Хар-ка])*($N90=М[Прим.])),0))} -> 0 | M90: =ROUND($K$90*$L$90,2) -> 0 | O90: {=INDEX(М[Форма закупа],MATCH(1,IF(($B90=М[Наим.])*($C90=М[Артикул, марка, произв.])*($D90=М[Хар-ка])*($N90=М[Прим.]),{1},($B90=М[Наим.])*($C90=М[Артикул, марка, произв.])*($D90=М[Хар-ка])*($N90=М[Прим.])),0))} -> 0
A91: 3 | B91: Труба полипропиленовая | D91: PPH PN20 DN63х10,5 арм.стекловолокно | E91: пог. м | G91: 45 | H91: 52 | I91: 45 | J91: 52 | K91: =SUM($G$91:$J$91) -> 194 | L91: {=INDEX(М[Цена за ед., руб],MATCH(1,IF(($B91=М[Наим.])*($C91=М[Артикул, марка, произв.])*($D91=М[Хар-ка])*($N91=М[Прим.]),{1},($B91=М[Наим.])*($C91=М[Артикул, марка, произв.])*($D91=М[Хар-ка])*($N91=М[Прим.])),0))} -> 0 | M91: =ROUND($K$91*$L$91,2) -> 0 | O91: {=INDEX(М[Форма закупа],MATCH(1,IF(($B91=М[Наим.])*($C91=М[Артикул, марка, произв.])*($D91=М[Хар-ка])*($N91=М[Прим.]),{1},($B91=М[Наим.])*($C91=М[Артикул, марка, произв.])*($D91=М[Хар-ка])*($N91=М[Прим.])),0))} -> 0
A92: 11.02.04.02 | B92: Устройство водоснабжения Т-3 | M92: =SUM($M$128,$M$126,$M$124,$M$120,$M$118,$M$116,$M$114,$M$112,$M$110,$M$108,$M$106,$M$104,$M$102,$M$97,$M$95,$M$93) -> 0
B93: Работы: | M93: =SUM($M$94) -> 0
B94: Бурение отверстий до 80мм | E94: шт | G94: 20 | H94: 25 | I94: 25 | J94: 27 | K94: =SUM($G$94:$J$94) -> 97 | L94: {=INDEX(Р[Цена за ед., руб],MATCH(1,IF(($B94=Р[Наименование])*($N94=Р[Примечание]),{1},($B94=Р[Наименование])*($N94=Р[Примечание])),0))} -> 0 | M94: =ROUND($K$94*$L$94,2) -> 0
B95: Работы: | M95: =SUM($M$96) -> 0
B96: Изоляция трубопровода | E96: м | G96: 73 | H96: 85 | I96: 74 | J96: 85 | K96: =SUM($G$96:$J$96) -> 317 | L96: {=INDEX(Р[Цена за ед., руб],MATCH(1,IF(($B96=Р[Наименование])*($N96=Р[Примечание]),{1},($B96=Р[Наименование])*($N96=Р[Примечание])),0))} -> 0 | M96: =ROUND($K$96*$L$96,2) -> 0
B97: Материалы: | M97: =SUM($M$98:$M$101) -> 0
A98: 1 | B98: Теплоизоляция трубная | D98: 63х13мм вспененный полиэтилен | E98: пог. м | G98: 60 | K98: =SUM($G$98:$J$98) -> 60 | L98: {=INDEX(М[Цена за ед., руб],MATCH(1,IF(($B98=М[Наим.])*($C98=М[Артикул, марка, произв.])*($D98=М[Хар-ка])*($N98=М[Прим.]),{1},($B98=М[Наим.])*($C98=М[Артикул, марка, произв.])*($D98=М[Хар-ка])*($N98=М[Прим.])),0))} -> 0 | M98: =ROUND($K$98*$L$98,2) -> 0 | O98: {=INDEX(М[Форма закупа],MATCH(1,IF(($B98=М[Наим.])*($C98=М[Артикул, марка, произв.])*($D98=М[Хар-ка])*($N98=М[Прим.]),{1},($B98=М[Наим.])*($C98=М[Артикул, марка, произв.])*($D98=М[Хар-ка])*($N98=М[Прим.])),0))} -> 0
A99: 2 | B99: Теплоизоляция трубная | C99: K-FLEX | D99: 63х13мм вспененный полиэтилен | E99: пог. м | H99: 69 | I99: 60 | J99: 69 | K99: =SUM($G$99:$J$99) -> 198 | L99: {=INDEX(М[Цена за ед., руб],MATCH(1,IF(($B99=М[Наим.])*($C99=М[Артикул, марка, произв.])*($D99=М[Хар-ка])*($N99=М[Прим.]),{1},($B99=М[Наим.])*($C99=М[Артикул, марка, произв.])*($D99=М[Хар-ка])*($N99=М[Прим.])),0))} -> 0 | M99: =ROUND($K$99*$L$99,2) -> 0 | O99: {=INDEX(М[Форма закупа],MATCH(1,IF(($B99=М[Наим.])*($C99=М[Артикул, марка, произв.])*($D99=М[Хар-ка])*($N99=М[Прим.]),{1},($B99=М[Наим.])*($C99=М[Артикул, марка, произв.])*($D99=М[Хар-ка])*($N99=М[Прим.])),0))} -> 0
A100: 3 | B100: Теплоизоляция трубная | D100: 42х13мм вспененный полиэтилен | E100: пог. м | G100: 13 | K100: =SUM($G$100:$J$100) -> 13 | L100: {=INDEX(М[Цена за ед., руб],MATCH(1,IF(($B100=М[Наим.])*($C100=М[Артикул, марка, произв.])*($D100=М[Хар-ка])*($N100=М[Прим.]),{1},($B100=М[Наим.])*($C100=М[Артикул, марка, произв.])*($D100=М[Хар-ка])*($N100=М[Прим.])),0))} -> 0 | M100: =ROUND($K$100*$L$100,2) -> 0 | O100: {=INDEX(М[Форма закупа],MATCH(1,IF(($B100=М[Наим.])*($C100=М[Артикул, марка, произв.])*($D100=М[Хар-ка])*($N100=М[Прим.]),{1},($B100=М[Наим.])*($C100=М[Артикул, марка, произв.])*($D100=М[Хар-ка])*($N100=М[Прим.])),0))} -> 0
A101: 4 | B101: Теплоизоляция трубная | C101: K-FLEX | D101: 42х13мм вспененный полиэтилен | E101: пог. м | H101: 16 | I101: 14 | J101: 16 | K101: =SUM($G$101:$J$101) -> 46 | L101: {=INDEX(М[Цена за ед., руб],MATCH(1,IF(($B101=М[Наим.])*($C101=М[Артикул, марка, произв.])*($D101=М[Хар-ка])*($N101=М[Прим.]),{1},($B101=М[Наим.])*($C101=М[Артикул, марка, произв.])*($D101=М[Хар-ка])*($N101=М[Прим.])),0))} -> 0 | M101: =ROUND($K$101*$L$101,2) -> 0 | O101: {=INDEX(М[Форма закупа],MATCH(1,IF(($B101=М[Наим.])*($C101=М[Артикул, марка, произв.])*($D101=М[Хар-ка])*($N101=М[Прим.]),{1},($B101=М[Наим.])*($C101=М[Артикул, марка, произв.])*($D101=М[Хар-ка])*($N101=М[Прим.])),0))} -> 0
B102: Работы: | M102: =SUM($M$103) -> 0
B103: Монтаж автоматического воздухоотводчика | E103: шт | G103: 2 | H103: 2 | I103: 3 | J103: 4 | K103: =SUM($G$103:$J$103) -> 11 | L103: {=INDEX(Р[Цена за ед., руб],MATCH(1,IF(($B103=Р[Наименование])*($N103=Р[Примечание]),{1},($B103=Р[Наименование])*($N103=Р[Примечание])),0))} -> 0 | M103: =ROUND($K$103*$L$103,2) -> 0
...

Sheet Работы
A1: Сводная ведомость объемов работ
A3: Наименование | B3: Ед. изм. | C3: Количество | D3: Цена за ед., руб | E3: Сумма, руб | F3: Примечание
A4: Изоляция трубопровода | B4: м | C4: 13751 | E4: =ROUND(Р[[#This Row],[Количество]]*Р[[#This Row],[Цена за ед., руб]],2) -> 0
A5: Монтаж автоматического воздухоотводчика | B5: шт | C5: 43 | E5: =ROUND(Р[[#This Row],[Количество]]*Р[[#This Row],[Цена за ед., руб]],2) -> 0
A6: Монтаж клапана (фланцевые, резьбовые) до 32 мм | B6: шт | C6: 24 | E6: =ROUND(Р[[#This Row],[Количество]]*Р[[#This Row],[Цена за ед., руб]],2) -> 0
A7: Монтаж коллектора | B7: шт | C7: 114 | E7: =ROUND(Р[[#This Row],[Количество]]*Р[[#This Row],[Цена за ед., руб]],2) -> 0
A8: Монтаж крана с электроприводом | B8: шт | C8: 614 | E8: =ROUND(Р[[#This Row],[Количество]]*Р[[#This Row],[Цена за ед., руб]],2) -> 0
A9: Монтаж кранов (фланцевые, резьбовые) до 32 мм | B9: шт | C9: 378 | E9: =ROUND(Р[[#This Row],[Количество]]*Р[[#This Row],[Цена за ед., руб]],2) -> 0
A10: Монтаж трубы из сшитого полиэтилена | B10: м | C10: 13258 | E10: =ROUND(Р[[#This Row],[Количество]]*Р[[#This Row],[Цена за ед., руб]],2) -> 0
A11: Монтаж фильтра | B11: шт | C11: 24 | E11: =ROUND(Р[[#This Row],[Количество]]*Р[[#This Row],[Цена за ед., руб]],2) -> 0
A12: Прокладка трубы ППН | B12: пог. м | C12: 1044 | E12: =ROUND(Р[[#This Row],[Количество]]*Р[[#This Row],[Цена за ед., руб]],2) -> 0
A13: Монтажные работы | B13: компл. | C13: 4 | E13: =ROUND(Р[[#This Row],[Количество]]*Р[[#This Row],[Цена за ед., руб]],2) -> 0
A14: Пусконаладочные работы системы водоснабжения: регулировка системы, манометрические испытания | B14: компл. | C14: 4 | E14: =ROUND(Р[[#This Row],[Количество]]*Р[[#This Row],[Цена за ед., руб]],2) -> 0
A15: Бурение отверстий до 80мм | B15: шт | C15: 273 | E15: =ROUND(Р[[#This Row],[Количество]]*Р[[#This Row],[Цена за ед., руб]],2) -> 0
... A21: Прочие работы (навигация) | B21: компл. | C21: 4 | E21: =ROUND(Р[[#This Row],[Количество]]*Р[[#This Row],[Цена за ед., руб]],2) -> 0
A22: Итог | E22: =SUBTOTAL(109,Р[Сумма, руб]) -> 0
D24: Проверка: | E24: =ЛСР!M180-Р[[#Totals],[Сумма, руб]] -> 0

Sheet Материалы
A1: Сводная ведомость объемов материала
A3: Наим. | B3: Артикул, марка, произв. | C3: Хар-ка | D3: Ед. изм. | E3: Количество | F3: Цена за ед., руб | G3: Сумма, руб | H3: Прим. | I3: Форма закупа
A4: Окожушка | C4: оцинк. сталь 0,5мм | D4: м2 | E4: 24 | G4: =ROUND(М[[#This Row],[Количество]]*М[[#This Row],[Цена за ед., руб]],2) -> 0 | H4: гильзы
A5: Присоединители для счетчика | D5: компл. | E5: 646 | G5: =ROUND(М[[#This Row],[Количество]]*М[[#This Row],[Цена за ед., руб]],2) -> 0
A6: Вставка ремонтная | C6: для счетчика Ду15 мм | D6: шт | E6: 646 | G6: =ROUND(М[[#This Row],[Количество]]*М[[#This Row],[Цена за ед., руб]],2) -> 0
A7: УВП | C7: в сумке | D7: шт | E7: 303 | G7: =ROUND(М[[#This Row],[Количество]]*М[[#This Row],[Цена за ед., руб]],2) -> 0
A8: Счетчик воды | B8: Пульсар | C8: с импульсным выходом Ду-15 Qn-1,5м3/час L-110мм | D8: шт | E8: 323 | G8: =ROUND(М[[#This Row],[Количество]]*М[[#This Row],[Цена за ед., руб]],2) -> 0
A9: Счетчик воды | B9: Пульсар | C9: с импульсным выходом Ду-15 Qn-1,5м3/час L-110мм | D9: шт | E9: 323 | G9: =ROUND(М[[#This Row],[Количество]]*М[[#This Row],[Цена за ед., руб]],2) -> 0 | H9: с обратным клапаном
A10: Труба полипропиленовая | C10: PPH PN20 DN25х5,4 арм.стекловолокно | D10: пог. м | E10: 293 | G10: =ROUND(М[[#This Row],[Количество]]*М[[#This Row],[Цена за ед., руб]],2) -> 0
A11: Труба полипропиленовая | C11: PPH PN20 DN32х5,4 арм.стекловолокно | D11: пог. м | E11: 229 | G11: =ROUND(М[[#This Row],[Количество]]*М[[#This Row],[Цена за ед., руб]],2) -> 0
A12: Труба полипропиленовая | C12: PPH PN20 DN40х6,7 арм.стекловолокно | D12: пог. м | E12: 118 | G12: =ROUND(М[[#This Row],[Количество]]*М[[#This Row],[Цена за ед., руб]],2) -> 0
A13: Труба полипропиленовая | C13: PPH PN20 DN63х10,5 арм.стекловолокно | D13: пог. м | E13: 452 | G13: =ROUND(М[[#This Row],[Количество]]*М[[#This Row],[Цена за ед., руб]],2) -> 0
A14: Кран шаровой | B14: Valtec | C14: Ду-25 полнопроходный с НГ | D14: шт | E14: 8 | G14: =ROUND(М[[#This Row],[Количество]]*М[[#This Row],[Цена за ед., руб]],2) -> 0
A15: Кран шаровой | B15: Gidrolock | C15: муфтовый с электроприводом В/В Ду-15 полнопроходной | D15: шт | E15: 614 | G15: =ROUND(М[[#This Row],[Количество]]*М[[#This Row],[Цена за ед., руб]],2) -> 0
A16: Кран шаровой | B16: Valtec | C16: ВР-ВР Ду-15 полнопроходной | D16: шт | E16: 43 | G16: =ROUND(М[[#This Row],[Количество]]*М[[#This Row],[Цена за ед., руб]],2) -> 0
A17: Кран шаровой | C17: ВР-НР Ду-15 полнопроходной | D17: шт | E17: 20 | G17: =ROUND(М[[#This Row],[Количество]]*М[[#This Row],[Цена за ед., руб]],2) -> 0
A18: Кран шаровой | B18: Valtec | C18: ВР-НР Ду-15 полнопроходной | D18: шт | E18: 327 | G18: =ROUND(М[[#This Row],[Количество]]*М[[#This Row],[Цена за ед., руб]],2) -> 0
A19: Воздухоотводчик | B19: Valtec | C19: автоматический Ду-15 10bar | D19: шт | E19: 43 | G19: =ROUND(М[[#This Row],[Количество]]*М[[#This Row],[Цена за ед., руб]],2) -> 0
A20: Труба сшитый полиэтилен | C20: DN-20х2,8 PN-10bar PEXа | D20: пог. м | E20: 2700 | G20: =ROUND(М[[#This Row],[Количество]]*М[[#This Row],[Цена за ед., руб]],2) -> 0
A21: Труба сшитый полиэтилен | B21: ONE PLUS | C21: DN-20х2,8 PN-10bar PEXа | D21: пог. м | E21: 10558 | G21: =ROUND(М[[#This Row],[Количество]]*М[[#This Row],[Цена за ед., руб]],2) -> 0
A22: Коллектор (в сборе) распределительный | C22: Д-50 с 5-ю выходами (диаметр подключения Ду32) | D22: шт | E22: 54 | G22: =ROUND(М[[#This Row],[Количество]]*М[[#This Row],[Цена за ед., руб]],2) -> 0 | H22: В комплекте с кранами, фильтрами, редукторами давления, вставками под счетчик.
A23: Коллектор (в сборе) распределительный | C23: Д-50 с 6-ю выходами (диаметр подключения Ду32) | D23: шт | E23: 56 | G23: =ROUND(М[[#This Row],[Количество]]*М[[#This Row],[Цена за ед., руб]],2) -> 0 | H23: В комплекте с кранами, фильтрами, редукторами давления, вставками под счетчик.
A24: Коллектор (в сборе) распределительный | C24: Д-50 с 2-мя выходами (диаметр подключения Ду32) | D24: шт | E24: 4 | G24: =ROUND(М[[#This Row],[Количество]]*М[[#This Row],[Цена за ед., руб]],2) -> 0 | H24: В комплекте с кранами, фильтрами, редукторами давления, вставками под счетчик.
A25: Фильтр сетчатый | C25: муфтовый ВР-ВР Ду-15 латунь | D25: шт | E25: 8 | G25: =ROUND(М[[#This Row],[Количество]]*М[[#This Row],[Цена за ед., руб]],2) -> 0
A26: Фильтр сетчатый | B26: Valtec | C26: муфтовый ВР-ВР Ду-15 латунь | D26: шт | E26: 24 | G26: =ROUND(М[[#This Row],[Количество]]*М[[#This Row],[Цена за ед., руб]],2) -> 0
A27: Эмаль (кг.) | C27: ПФ-115 | D27: кг | E27: 130 | G27: =ROUND(М[[#This Row],[Количество]]*М[[#This Row],[Цена за ед., руб]],2) -> 0 | H27: Для навигации
A28: Клапан регулирующий | C28: понижения давления резьбовой Ду-15Ру-10 бар | D28: шт | E28: 8 | G28: =ROUND(М[[#This Row],[Количество]]*М[[#This Row],[Цена за ед., руб]],2) -> 0
A29: Клапан регулирующий | B29: Valtec | C29: понижения давления резьбовой Ду-15Ру-10 бар | D29: шт | E29: 24 | G29: =ROUND(М[[#This Row],[Количество]]*М[[#This Row],[Цена за ед., руб]],2) -> 0
A30: Муфта противопожарная | C30: ПМ32 | D30: шт | E30: 38 | G30: =ROUND(М[[#This Row],[Количество]]*М[[#This Row],[Цена за ед., руб]],2) -> 0
A31: Муфта противопожарная | C31: ПМ-63 | D31: шт | E31: 127 | G31: =ROUND(М[[#This Row],[Количество]]*М[[#This Row],[Цена за ед., руб]],2) -> 0
A32: Теплоизоляция трубная | B32: K-FLEX | C32: 32х13мм вспененный полиэтилен | D32: пог. м | E32: 229 | G32: =ROUND(М[[#This Row],[Количество]]*М[[#This Row],[Цена за ед., руб]],2) -> 0
A33: Теплоизоляция трубная | C33: 63х13мм вспененный полиэтилен | D33: пог. м | E33: 60 | G33: =ROUND(М[[#This Row],[Количество]]*М[[#This Row],[Цена за ед., руб]],2) -> 0
A34: Теплоизоляция трубная | B34: K-FLEX | C34: 63х13мм вспененный полиэтилен | D34: пог. м | E34: 392 | G34: =ROUND(М[[#This Row],[Количество]]*М[[#This Row],[Цена за ед., руб]],2) -> 0
A35: Теплоизоляция трубная | B35: K-FLEX | C35: 22х13мм вспененный полиэтилен | D35: пог. м | E35: 13138 | G35: =ROUND(М[[#This Row],[Количество]]*М[[#This Row],[Цена за ед., руб]],2) -> 0
A36: Теплоизоляция трубная | B36: K-FLEX | C36: 28х13мм вспененный полиэтилен | D36: пог. м | E36: 67 | G36: =ROUND(М[[#This Row],[Количество]]*М[[#This Row],[Цена за ед., руб]],2) -> 0
A37: Теплоизоляция трубная | C37: 42х13мм вспененный полиэтилен | D37: пог. м | E37: 13 | G37: =ROUND(М[[#This Row],[Количество]]*М[[#This Row],[Цена за ед., руб]],2) -> 0
A38: Теплоизоляция трубная | B38: K-FLEX | C38: 42х13мм вспененный полиэтилен | D38: пог. м | E38: 105 | G38: =ROUND(М[[#This Row],[Количество]]*М[[#This Row],[Цена за ед., руб]],2) -> 0
A39: Фитинги для ПЭ (сшитый) трубы | D39: % | G39: =SUMIF(ЛСР!$B$6:$N$178,М[[#This Row],[Наим.]],ЛСР!$M$6:$M$178) -> 0 | H39: для всех разделов, расчитывается от стоимости материалов
A40: Фитинги для ППН трубы | D40: % | G40: =SUMIF(ЛСР!$B$6:$N$178,М[[#This Row],[Наим.]],ЛСР!$M$6:$M$178) -> 0 | H40: для всех разделов, расчитывается от стоимости материалов
A41: Прочие материалы | D41: % | G41: =SUMIF(ЛСР!$B$6:$N$178,М[[#This Row],[Наим.]],ЛСР!$M$6:$M$178) -> 0 | H41: для всех разделов, расчитывается от стоимости материалов
A42: Итог | G42: =SUBTOTAL(109,М[Сумма, руб]) -> 0
F44: Проверка: | G44: =ЛСР!M181-М[[#Totals],[Сумма, руб]] -> 0

Sheet ПараметрыЗагрузки
A1: ЛСР | B1: ЛСРГуид
A2: ГП-72.106.01.11.02 Секция 1_Устройство системы водоснабжения №2 | B2: 0833a4c4-be1f-11f0-8b59-a036bcbd010b
A3: ГП-72.106.02.11.02 Секция 2_Устройство системы водоснабжения №1 | B3: a8b2e076-be34-11f0-8b59-a036bcbd010b
A4: ГП-72.106.03.11.02 Секция 3_Устройство системы водоснабжения №1 | B4: 64c2a1f5-bebf-11f0-8b59-a036bcbd010b
A5: ГП-72.106.04.11.02 Секция 4_Устройство системы водоснабжения №1 | B5: 44947a92-bec3-11f0-8b59-a036bcbd010b
